 Dungeon Sprint DCSS version 0.22-a0-848-ge9e22a0 (webtiles) character file.

46 protoss039 the Skirmisher (level 3, 0/55 HPs)
             Began as a Minotaur Fighter on July 26, 2018.
             Succumbed to a worker ant's poison
             ... in the Dungeon (Sprint II: "The Violet Keep of Menkaure").
             The game lasted 00:00:42 (28 turns).

protoss039 the Skirmisher (Minotaur Fighter)          Turns: 28, Time: 00:00:43

Health: 0/55       AC:  7    Str: 26    XL:     3   Next: 44%
Magic:  2/2        EV:  8    Int:  5    God:
Gold:   0          SH: 10    Dex:  9    Spells: 2/2 levels left

rFire    . . .     SeeInvis .   a - +0 war axe
rCold    . . .     Gourm    .   c - +0 shield
rNeg     . . .     Faith    .   b - +0 scale mail
rPois    .         Spirit   .   (helmet restricted)
rElec    .         Reflect  .   (no cloak)
rCorr    .         Harm     .   (no gloves)
MR       .....     NoTele   +   (no boots)
Stlth    ..........             (no amulet)
HPRegen  0.18/turn              (no ring)
MPRegen  0.08/turn              (no ring)

@: mighty, berserking, lethally poisoned (0 -> -12), very quick
A: retaliatory headbutt, horns 2
a: no special abilities


You were in the Dungeon.
You were not hungry.

You visited 1 branch

Inventory:

Hand Weapons
 a - a +0 war axe (weapon)
Armour
 b - a +0 scale mail (worn)
 c - a +0 shield (worn)
Scrolls
 k - a scroll of blinking
Potions
 g - a potion of heal wounds
 h - a potion of haste
 i - 2 potions of magic
Comestibles
 f - a ration


   Skills:
 + Level 5.9 Fighting
 + Level 3.1 Axes
 + Level 5.9 Armour
 + Level 0.5 Dodging
 + Level 5.6 Shields


You had 2 spell levels left.
You didn't know any spells.
Your spell library was empty.

Dungeon Overview and Level Annotations

Branches:
Dungeon (1/1)

Altars:


Innate Abilities, Weirdness & Mutations

You reflexively headbutt those who attack you in melee.
You have a pair of horns on your head.


Message History

You are too berserk!
You slash the worker ant!
You kill the worker ant!
Your Fighting skill gained 2 levels and is now at level 5!
Your Armour skill gained 2 levels and is now at level 5!
Your Shields skill gained 2 levels and is now at level 5!
You have reached level 2!
* * * LOW HITPOINT WARNING * * *
You feel sick.
Unknown command.
You slice the worker ant!!
You kill the worker ant!
Your Axes skill increases to level 3!
You have reached level 3!
Your experience leads to an increase in your attributes!
Your base attributes are Str 20, Int 5, Dex 9.
Increase (S)trength, (I)ntelligence, or (D)exterity?
Uppercase letters only, please.
You feel stronger.
You die... ## ## .# #.
H#H

# #+# .##
###.##w..#
#+.<.+#
#3##@##w..#
#3 #†# .##
# #$# # .#.
. . ## ##


There were no monsters in sight!

Vanquished Creatures
  2 worker ants (D)
2 creatures vanquished.

Vanquished Creatures (others)
  A crocodile (D)
1 creature vanquished.

Grand Total: 3 creatures vanquished

Notes
Turn   | Place    | Note
-------+----------+-------------------------------------------
     0 | D        | protoss039 the Minotaur Fighter began the quest for the Orb.
     0 | D        | Reached XP level 1. HP: 19/19 MP: 0/0
     1 | D        | Noticed a neqoxec
     1 | D        | Noticed a neqoxec
     4 | D        | Noticed a worker ant
     4 | D        | Noticed a worker ant
     8 | D        | Noticed a hippogriff
     8 | D        | Noticed a hippogriff
    11 | D        | Noticed a tyrant leech
    11 | D        | Noticed a tyrant leech
    24 | D        | Killed a crocodile
    26 | D        | HP: 1/28 [worker ant (2)]
    27 | D        | Killed a worker ant
    27 | D        | Reached skill level 5 in Fighting
    27 | D        | Reached skill level 5 in Armour
    27 | D        | Reached skill level 5 in Shields
    27 | D        | Reached XP level 2. HP: 2/29 MP: 1/1
    28 | D        | Reached XP level 3. HP: 2/37 MP: 2/2
    28 | D        | Succumbed to a worker ant's poison

Vault maps used:
D:        the_violet_keep_of_menkaure

Skill      XL: |  1  2 |
---------------+-------+-----
Fighting       | 5 |  5.9
Armour         | 5 |  5.9
Shields        | 5 |  5.6
Axes           | 3 |  3.1
Dodging        | |  0.5

Action                   || total
-------------------------++-------
Melee: War axe           ||    11
       Headbutt          ||     2
  Use: Potion            ||     3
Armor: Scale mail        ||     4
Dodge: Dodged            ||     2
Block: Shield            ||     5

Table legend:
 A = Spawn XP
 B = Non-spawn XP
 C = Spawn XP percentage of total XP
 D = Spawn monster count
 E = Non-spawn monster count
 F = Spawn count percentage of total count
 G = Total turns spent on level
                    A         B        C        D         E        F      G
               +---------+---------+-------+---------+---------+-------+---------
         Total |       0 |      66 |   0.0 |       0 |       2 |   0.0 |    28
               +---------+---------+-------+---------+---------+-------+---------
             D |       0 |      66 |   0.0 |       0 |       2 |   0.0 |    28
               +---------+---------+-------+---------+---------+-------+---------
